 Dungeon Crawl Stone Soup version 0.23-a0-326-gb49dddc804 (webtiles) character file.

469 Napalmbreeze the Grave Robber (level 6, -4/46 HPs)
             Began as a Vampire Necromancer on Oct 15, 2018.
             Slain by a worker ant (8 damage)
             ... on level 4 of the Dungeon.
             The game lasted 00:20:11 (7166 turns).

Napalmbreeze the Grave Robber (Vampire Necromancer) Turns: 7166, Time: 00:20:12

Health: -4/46      AC:  4    Str:  7    XL:     6   Next: 82%
Magic:  1/11       EV: 13    Int: 20    God:
Gold:   283        SH:  0    Dex: 14    Spells: 1/12 levels left

rFire    . . .     SeeInvis +   e - +2 spear (freeze)
rCold    + . .     Gourm    .   (no shield)
rNeg     + + .     Faith    .   a - +0 robe
rPois    +         Spirit   .   h - +2 hat
rElec    .         Reflect  .   (no cloak)
rCorr    .         Harm     .   (no gloves)
MR       .....                  (no boots)
Stlth    +++.......             (no amulet)
HPRegen  0.07/turn              (no ring)
MPRegen  0.12/turn              (no ring)

@: lethally poisoned (-4 -> -16), regenerating slowly
A: fangs 3, see invisible, unbreathing
a: Bat Form


You were on level 4 of the Dungeon.
You were very thirsty.

You visited 1 branch of the dungeon, and saw 4 of its levels.
You also visited: Ossuary.

You collected 283 gold pieces.

Inventory:

Hand Weapons
 e - a +2 spear of freezing (weapon)
Armour
 a - a +0 robe (worn)
 h - a +2 hat (worn)
Jewellery
 b - a +4 amulet of reflection {unknown}
 o - an uncursed amulet of harm {unknown}
 t - a +4 ring of slaying
Scrolls
 f - 3 scrolls of remove curse
 i - 3 scrolls of enchant weapon
 j - 3 scrolls of teleportation
 k - 2 scrolls of enchant armour
 n - a scroll of random uselessness
 s - a scroll of magic mapping
 v - a scroll of identify
 w - a scroll of fear {unknown}
Potions
 c - 3 potions of blood
 d - a potion of mutation {unknown}
 g - a potion of haste {unknown}
 l - 3 potions of flight {unknown}
 m - a potion of curing {unknown}
 p - a potion of cancellation {unknown}
 q - a potion of lignification {unknown}
 r - 2 potions of agility {unknown}
 u - a potion of degeneration {unknown}


   Skills:
 + Level 2.6 Fighting
 - Level 0.2 Polearms
 - Level 2.3 Dodging
 - Level 3.1 Stealth
 + Level 3.7 Spellcasting
 * Level 7.1 Necromancy


You had one spell level left.
You knew the following spells:

 Your Spells              Type           Power        Failure   Level  Hunger
a - Pain                  Necr           ####         1%          1    None
b - Regeneration          Chrm/Necr      ###.......   9%          3    ###....
s - Vampiric Draining     Necr           ####......   1%          3    ###....
w - Animate Dead          Necr           N/A          7%          4    ####...

Your spell library contained the following spells:

 Spells                   Type           Power        Failure   Level  Hunger
 Animate Skeleton         Necr           N/A          1%          1    None


Dungeon Overview and Level Annotations

Branches:
Dungeon (4/15)
 Temple: D:4-7

Altars:
Ashenzari
Elyvilon
Ru
Uskayaw

Shops:
D:4 *

Annotations:
D:3 1 exclusion


Innate Abilities, Weirdness & Mutations

You heal slowly.
You have razor-sharp teeth.
You have supernaturally acute eyesight. (SInv)
You can survive without breathing.


Message History

The water moccasin completely misses you.
You closely miss the water moccasin.
The water moccasin is severely wounded.
The water moccasin bites you.
* * * LOW HITPOINT WARNING * * *
The worker ant closely misses you.
You closely miss the water moccasin.
The water moccasin is severely wounded.
The water moccasin closely misses you. The worker ant barely misses you.
The water moccasin bites you.
* * * LOW HITPOINT WARNING * * *
You are lethally poisoned!
The water moccasin poisons you! The worker ant bites you.
* * * LOW HITPOINT WARNING * * *
You hit the water moccasin.
The water moccasin seems to slow down.
You freeze the water moccasin.
The water moccasin is almost dead.
* * * LOW HITPOINT WARNING * * *
You feel sick. The worker ant bites you!
You die...

,**,*,*,*,*,**,*,*,*,*,*,*.#.#.#.
,,**,,*,*,,##..,,*,,,,,,,,..,....
,,,**,*,*,**...***,,*,*,*,#,#.#.#
,,,,**,,,**,,..####,,,,.,,,,,,..,
,**,,**,**,,*#....#,,*.#,*,*,#.#,
,***,,*,*,,***....#,#...,,,,,,,,,
,**,,,,,,,,,,*#...#...#.*,*,*,*,*
,*,,,,*,*,,*,*#.........,,,,,,,,,
,*,,,**,**,,,*#.@a.....#,*,*,*,*,
,*,,**,,,**,,*#.S.......,,,,,,,,,
,,,**,*,*,**,,#.........**,,,**,*
,,**,,*,*,,**,..........***,,,,,*
,**,*,*,*,*,*#..#.......* *,*****
,*,**,*,*,**,#.#*.......* *,*
,*,**,*,*,**,#.**.....:.* *,*
,*,*,**,**,*,#.,,....##.***,*
,*,,**,,,**,,*,,,,,,,+,,,,*,*


You could see a water moccasin and a worker ant.

Vanquished Creatures
  A centaur zombie (Ossuary)
  A bullfrog skeleton (D:3)
  4 orc wizards
  A big kobold zombie (Ossuary)
  A hound zombie (Ossuary)
  2 mummies (Ossuary)
  4 adders (D:3)
  7 gnolls
  3 adder zombies (Ossuary)
  2 worms (D:3)
  3 dart slugs (D:2)
  A leopard gecko (D:3)
  6 orcs
  2 ball pythons (D:1)
  3 giant cockroaches
  2 gnoll zombies (Ossuary)
  5 goblins
  14 hobgoblins
  8 jackals
  7 kobolds
  3 quokkas
  7 bats
  5 frilled lizards
  4 goblin zombies
  6 hobgoblin zombies (Ossuary)
  5 jackal zombies (Ossuary)
  3 kobold zombies (Ossuary)
  2 orc zombies (Ossuary)
  6 quokka zombies
  8 rats
  6 rat zombies (Ossuary)
132 creatures vanquished.

Notes
Turn   | Place    | Note
-------+----------+-------------------------------------------
     0 | D:1      | Napalmbreeze the Vampire Necromancer began the quest for
                  | the Orb.
     0 | D:1      | Reached XP level 1. HP: 13/13 MP: 3/3
   383 | D:1      | Reached XP level 2. HP: 10/19 MP: 1/5
  1147 | D:1      | Reached skill level 5 in Necromancy
  1312 | D:1      | Reached XP level 3. HP: 24/24 MP: 6/6
  1872 | D:2      | Found a faded altar of an unknown god.
  2199 | D:2      | Reached XP level 4. HP: 21/31 MP: 2/7
  2537 | D:1      | Learned a level 3 spell: Vampiric Draining
  2542 | D:1      | Learned a level 4 spell: Animate Dead
  2552 | D:1      | Reached skill level 1 in Fighting
  3487 | D:3      | Reached skill level 6 in Necromancy
  3487 | D:3      | Reached XP level 5. HP: 23/37 MP: 0/9
  3900 | D:3      | Noticed a water moccasin
  3914 | D:3      | Found a white marble altar of Elyvilon.
  3914 | D:3      | Found a sacrificial altar of Ru.
  3914 | D:3      | Found a shattered altar of Ashenzari.
  3914 | D:3      | Found a hide-covered altar of Uskayaw.
  4018 | D:3      | Reached XP level 6. HP: 24/44 MP: 4/10
  5040 | D:4      | Found a sand-covered staircase.
  5047 | Ossuary  | Entered an ossuary
  5156 | Ossuary  | Learned a level 3 spell: Regeneration
  5695 | Ossuary  | Reached skill level 7 in Necromancy
  6760 | D:4      | Found Gostreu's Assorted Antiques.
  7155 | D:4      | Noticed a water moccasin
  7166 | D:4      | Slain by a worker ant

Vault maps used:
D:1:      matt_arrival_los_fun, chequers_serial_rivers_marsh, eino_curves_02
D:2:      chequers_ecumenical_altar_island
D:3:      chequers_temple_overflow_statue_of_worship, marbit_many_paths,
          uniq_grinder
D:4:      serial_shops, kennysheep_mini, enter_ossuary_4, supply_closet_lemuel,
          minmay_parallelograms, hex_large
Ossuary:  minmay_ossuary_two_tombs

Skill      XL: |  1  2  3  4  5  6 |
---------------+-------------------+-----
Necromancy     | 5 6 7 |  7.1
Fighting       | 1 2 |  2.6
Spellcasting   | 3 |  3.7
Polearms       | |  0.2
Dodging        | |  2.3
Stealth        | |  3.1

Action                   |  1- 3 |  4- 6 || total
-------------------------+-------+-------++-------
Melee: Unarmed           |    45 |       ||    45
       Bite              |     7 |    36 ||    43
       Spear             |    85 |   338 ||   423
 Cast: Pain              |    27 |    41 ||    68
       Vampiric Draining |       |    13 ||    13
 Abil: End Transformatio |       |     1 ||     1
       Bat Form          |       |     1 ||     1
  Use: Potion            |     4 |    13 ||    17
       Scroll            |       |     7 ||     7
 Stab: Sleeping          |     5 |     7 ||    12
Armor: Robe              |    20 |    74 ||    94
Dodge: Dodged            |    77 |   206 ||   283

Table legend:
 A = Non-vault XP
 B = Vault XP
 C = Vault XP percentage of total XP
 D = Non-vault monster count
 E = Vault monster count
 F = Vault count percentage of total count
                 A         B        C        D         E       F
            +---------+---------+-------+---------+---------+-------
      Total |     485 |     185 |  27.6 |      90 |      42 |  31.8
            +---------+---------+-------+---------+---------+-------
        D:1 |      62 |       0 |   0.0 |      30 |       0 |   0.0
        D:2 |     129 |       0 |   0.0 |      30 |       0 |   0.0
        D:3 |     294 |       0 |   0.0 |      30 |       0 |   0.0
        D:4 |       0 |       2 | 100.0 |       0 |       2 | 100.0
    Ossuary |       0 |     183 | 100.0 |       0 |      40 | 100.0
            +---------+---------+-------+---------+---------+-------
